 Dungeon Crawl Stone Soup version 0.19.1-1-g22dce08 (webtiles) character file.

1635 sveltemanboy the Destroyer (level 8, 0/57 HPs)
             Began as a Green Draconian Conjurer on Jan 8, 2017.
             Was a Follower of Vehumet.
             Slain by a hound (2 damage)
             ... on level 5 of the Dungeon.
             The game lasted 00:16:28 (5227 turns).

sveltemanboy the Destroyer (DrCj)                   Turns: 5227, Time: 00:16:30

Health: 0/57       AC:  8    Str: 12    XL:     8   Next: 66%
Magic:  1/12       EV: 12    Int: 17    God:    Vehumet [*.....]
Gold:   235        SH:  0    Dex: 11    Spells: 4 memorised, 5 levels left

rFire  . . .     SeeInvis +     y - +4 flail (holy)
rCold  . . .     Gourm    .     (armour unavailable)
rNeg   . . .     Faith    .     (no shield)
rPois  +         Spirit   .     (helmet restricted)
rElec  .         Reflect  .     p - +0 cloak
rCorr  .         Harm     .     (no gloves)
MR     .....                    u - +0 pair of boots
Stlth  ++........               (no amulet)
                                (no ring)
                                E - ring of see invisible

@: short of breath, very slightly contaminated
A: breathe noxious fumes, unfitting armour, poison resistance, cold-blooded, AC
+6
a: Breathe Noxious Fumes, Renounce Religion


You were on level 5 of the Dungeon.
You worshipped Vehumet.
Vehumet was aware of your devotion.
You were hungry.

You visited 1 branch of the dungeon, and saw 5 of its levels.

You collected 235 gold pieces.

Inventory:

Hand Weapons
 y - a +4 flail of holy wrath (weapon)
 F - a +2 whip of freezing
Armour
 p - a +0 cloak (worn)
 t - a +0 buckler
 u - a +0 pair of boots (worn)
Jewellery
 E - a ring of see invisible (left hand)
Wands
 C - a wand of flame (0/48)
Scrolls
 d - 4 scrolls of identify {unknown}
 e - 2 scrolls of fog {unknown}
 g - 3 scrolls of remove curse {unknown}
 l - 2 scrolls of immolation {unknown}
 m - a scroll of amnesia {unknown}
 o - 2 scrolls of blinking {unknown}
 r - 2 scrolls of enchant armour {unknown}
 s - 2 scrolls of recharging {unknown}
 v - a scroll of noise {unknown}
 w - 3 scrolls of teleportation {unknown}
 D - a scroll of random uselessness {unknown}
Potions
 c - a potion of berserk rage {unknown}
 i - 3 potions of heal wounds {unknown}
 j - a potion of mutation {unknown}
 n - 2 potions of curing {unknown}
 q - a potion of ambrosia {unknown}
 z - a potion of haste {unknown}
 A - a potion of might {unknown}
 B - 3 potions of brilliance {unknown}
Books
 a - a book of Conjurations

   Spells                             Type                      Level
   a - Magic Dart                     Conjuration                  1
   b - Searing Ray                    Conjuration                  2
   c - Dazzling Spray                 Conjuration/Hexes            3
   d - Fulminant Prism                Conjuration/Hexes            4
   e - Iskenderun's Mystic Blast      Conjuration                  4
   f - Iskenderun's Battlesphere      Conjuration/Charms           5
Comestibles
 b - 4 bread rations
 f - 3 meat rations
 h - 3 chunks of flesh
 k - a slice of pizza
 x - 3 fruits


   Skills:
 + Level 4.6 Maces & Flails
 - Level 1.7 Dodging
 - Level 1.7 Stealth
 + Level 4.0 Shields
 - Level 3.0 Spellcasting
 + Level 9.4 Conjurations


You had 5 spell levels left.
You knew the following spells:

 Your Spells              Type           Power        Failure   Level  Hunger
a - Magic Dart            Conj           ####         1%          1    None
b - Searing Ray           Conj           ####..       1%          2    ##.....
c - Iskenderun's Mystic   Conj           ####....     4%          4    ####...
d - Sting                 Conj/Pois      ###.         2%          1    None


Dungeon Overview and Level Annotations

Branches:
Dungeon (5/15)
 Temple: D:4-7

Altars:
Makhleb
Trog
Vehumet
Xom
The Shining One

Shops:
D:4 [[!


Innate Abilities, Weirdness & Mutations

You can breathe blasts of noxious fumes.
Your lurid green scales are hard. (AC +6)
You cannot fit into any form of body armour.
Your system is resistant to poisons. (rPois)
You are cold-blooded and may be slowed by cold attacks.


Message History

Your Shields skill increases to level 4!
The searing ray misses the hound.
You finish channeling your searing ray.
The hound bites you.
* * * LOW HITPOINT WARNING * * *
Press: ? - help, Shift-Dir - straight line, f - hound
Aim: a hound You exhale a blast of noxious fumes.
The blast of choking fumes hits the hound.
The hound is moderately wounded.
You are feeling hungry.
The hound is engulfed in noxious fumes.
The hound appears confused.
An orc comes into view. It is wielding a flail.
You completely miss the hound.
The hound is moderately wounded.
The hound is engulfed in noxious fumes.
The hound appears confused.
The hound bites you.
* * * LOW HITPOINT WARNING * * *
The hound is engulfed in noxious fumes.
The hound appears confused.
The hound bites you.
You die...

#.....).#
##.....##
##.....##
##.......######.
.........<........
.#........######.
#(#......# ... #.#
#.##...#.###.#
#..# # #####@#...
...# #h#.####...#
#####§.......###
#....§.........##
#.###§..........##
#§...........#
#.#o......)..#
#.#....÷.....#
..#........(.#


You could see a hound (confused) and an orc (wandering).

Vanquished Creatures
  Pikel (D:4)
  Edmund (D:4)
  An ice beast (D:5)
  2 slaves (D:4)
  A phantom (D:4)
  3 ogres
  Blork the orc (D:4)
  A crimson imp (D:4)
  A centaur zombie (D:4)
  A howler monkey (D:5)
  2 orc priests (D:4)
  2 orc wizards (D:4)
  2 worker ants
  An iguana (D:5)
  7 gnolls
  A worker ant zombie (D:5)
  11 adders
  4 worms (D:4)
  3 dart slugs
  9 leopard geckos
  6 orcs
  2 ball pythons
  4 bats
  2 giant cockroaches
  7 goblins
  6 hobgoblins
  4 jackals
  A quokka (D:4)
  9 frilled lizards
  A jackal skeleton (D:4)
  9 kobolds
  16 rats
122 creatures vanquished.

Vanquished Creatures (others)
  A slave (D:4)
1 creature vanquished.

Grand Total: 123 creatures vanquished

Notes
Turn   | Place    | Note
-------+----------+-------------------------------------------
     0 | D:1      | sveltemanboy the Draconian Conjurer began the quest for the Orb.
     0 | D:1      | Reached XP level 1. HP: 14/14 MP: 3/3
   208 | D:1      | Reached XP level 2. HP: 20/20 MP: 0/5
   212 | D:1      | Learned a level 2 spell: Searing Ray
   943 | D:2      | Reached XP level 3. HP: 26/26 MP: 1/6
  1104 | D:2      | Found a glowing golden altar of the Shining One.
  1415 | D:2      | Reached skill level 5 in Conjurations
  1479 | D:2      | Reached XP level 4. HP: 33/33 MP: 4/8
  1654 | D:2      | Learned a level 4 spell: Iskenderun's Mystic Blast
  2151 | D:2      | Reached XP level 5. HP: 36/38 MP: 0/9
  2424 | D:3      | Found a shimmering altar of Xom.
  2747 | D:3      | Reached skill level 6 in Conjurations
  3082 | D:3      | Found a radiant altar of Vehumet.
  3082 | D:3      | Found a blossoming altar of Fedhas.
  3084 | D:3      | Found a hazy altar of Hepliaklqana.
  3084 | D:3      | Found an opulent altar of Gozag.
  3084 | D:3      | Found an iron altar of Okawaru.
  3387 | D:4      | Found Qixku's Antique Armour Emporium.
  3398 | D:4      | Found a bloodstained altar of Trog.
  3406 | D:4      | Found Luroaryn's Distillery.
  3410 | D:4      | Noticed Edmund
  3442 | D:4      | Killed Edmund
  3442 | D:4      | Reached skill level 7 in Conjurations
  3442 | D:4      | Reached XP level 6. HP: 18/45 MP: 0/10
  3706 | D:4      | Found a burning altar of Makhleb.
  3891 | D:4      | Reached skill level 8 in Conjurations
  3894 | D:4      | Your scales start taking on a lurid green colour.
  3894 | D:4      | Reached XP level 7. HP: 37/50 MP: 3/11
  3894 | D:4      | Gained mutation: Your system is resistant to poisons. (rPois) [Green Draconian growth]
  4034 | D:4      | Found a radiant altar of Vehumet.
  4042 | D:4      | Became a worshipper of Vehumet
  4052 | D:4      | Noticed Blork the orc
  4066 | D:4      | Killed Blork the orc
  4066 | D:4      | Reached skill level 1 in Maces & Flails
  4273 | D:4      | Found Rahicuclogg's Armour Emporium.
  4555 | D:4      | Reached skill level 1 in Shields
  4792 | D:4      | Noticed Pikel
  4821 | D:4      | Killed Pikel
  4821 | D:4      | Reached skill level 9 in Conjurations
  4821 | D:4      | Reached XP level 8. HP: 16/57 MP: 0/12
  5004 | D:5      | Entered Level 5 of the Dungeon
  5169 | D:5      | Reached * piety under Vehumet
  5169 | D:5      | Offered knowledge of Sting by Vehumet.
  5201 | D:5      | Learned a level 1 spell: Sting
  5227 | D:5      | HP: 2/57 [hound (6)]
  5227 | D:5      | Slain by a hound

Skill      XL: |  1  2  3  4  5  6  7  8 |
---------------+-------------------------+-----
Conjurations   | 5 7 8 9 |  9.4
Spellcasting   | 3 |  3.0
Maces & Flails | 3 4 |  4.6
Shields        | 3 4 |  4.0
Dodging        | |  1.7
Stealth        | |  1.7

Action                   |  1- 3 |  4- 6 |  7- 9 || total
-------------------------+-------+-------+-------++-------
Melee: Unarmed           |     2 |       |       ||     2
       Spear             |    15 |    26 |       ||    41
       Tailslap          |     1 |     3 |     6 ||    10
       Flail             |       |     4 |    23 ||    27
       Whip              |       |       |     5 ||     5
 Cast: Magic Dart        |    44 |    82 |    24 ||   150
       Searing Ray       |     6 |    14 |    15 ||    35
       Iskenderun's Myst |       |       |     2 ||     2
 Abil: Breathe Noxious F |       |       |     2 ||     2
 Stab: Sleeping          |     1 |     1 |       ||     2
  Eat: Chunk             |     3 |     8 |     5 ||    16
Armor: Skin              |     4 |    18 |    20 ||    42
Dodge: Dodged            |    13 |    28 |    36 ||    77
